 Dungeon Crawl Stone Soup version 0.27-a0-460-g297a19dbdb (webtiles) character file.

Game seed: 11346628473225992141

701022 HoaS the Impregnable (level 27, -7/242 HPs)
             Began as a Demigod Gladiator on Feb 28, 2021.
             Splashed by an ancient lich's acid (14 damage)
             ... on level 5 of the Realm of Zot.
             The game lasted 03:11:13 (72199 turns).

HoaS the Impregnable (Demigod Gladiator)           Turns: 72199, Time: 03:11:14

Health: -7/242     AC: 26    Str: 19    XL:     27
Magic:  24/27      EV: 79    Int: 10    God:
Gold:   4246       SH:  5    Dex: 59    Spells: 26/26 levels left

rFire    + + .     SeeInvis .   w - +9 lajatang (speed)
rCold    . . .     Faith    .   (shield currently unavailable)
rNeg     + . .     Spirit   .   l - quicksilver dragon scales
rPois    .         Reflect  +   (helmet restricted)
rElec    .         Harm     .   M - +2 cloak of Filigreed Surprise {Dex+6}
rCorr    .         Rampage  +   P - +0 pair of gloves of the Desolation of Salt {Will+ Dex+6}
Will     +++++                  H - +2 pair of boots {rampage}
Stlth    +++.......             a - amulet of reflection
HPRegen  0.00/turn              V - ring of Goaxug {rF+ rN+ Will+}
MPRegen  0.20/turn              I - ring of protection from fire

@: corroded
A: antennae 2, claws 1, talons 1, frail 1, high mp 1, screaming 1, inhibited
regeneration, wild magic 1, MP-powered wands
}: 3/15 runes: serpentine, barnacled, silver
a: no special abilities


You were on level 5 of the Realm of Zot.
You visited 11 branches of the dungeon, and saw 53 of its levels.
You also visited: Bailey and Gauntlet.

You collected 9678 gold pieces.
You spent 5432 gold pieces at shops.

Inventory:

Hand Weapons
 q - a +9 vorpal quarterstaff
 w - a +9 lajatang of speed (weapon)
 R - a +6 demon trident of draining
Missiles
 K - 13 throwing nets
Armour
 c - a +2 helmet
 l - quicksilver dragon scales (worn)
 H - a +2 pair of boots of rampaging (worn)
 J - the +13 plate armour of the Shrike {Str+4}
   (You found it on level 5 of the Lair of Beasts)

   It affects your strength (+4).
 M - the +2 cloak of Filigreed Surprise (worn) {Dex+6}
   (You found it on level 5 of the Vaults)

   It affects your dexterity (+6).
 P - the +0 pair of gloves of the Desolation of Salt (worn) {Will+ Dex+6}
   (You acquired it on level 1 of the Orcish Mines)

   It affects your dexterity (+6).
   It affects your willpower, your defense against some magical effects.
Jewellery
 a - an amulet of reflection (around neck)
 m - a ring of protection from cold
 r - a +6 ring of dexterity
 t - the ring of Miusuapt {rC+ Str+5}
   (You found it on level 1 of the Vaults)

   [ring of protection from cold]

   It affects your strength (+5).
   It protects you from cold.
 x - a ring of see invisible
 E - a ring of resist corrosion
 F - a +6 ring of dexterity
 I - a ring of protection from fire (right hand)
 L - a ring of willpower
 T - the ring "Hizocli" {rPois rN+ Int+4}
   (You found it on level 3 of the Crypt)

   [ring of positive energy]

   It affects your intelligence (+4).
   It protects you from poison.
   It protects you from negative energy.
 U - the ring of Linebbekh {rElec rPois rN+}
   (You found it on level 3 of the Crypt)

   [ring of positive energy]

   It insulates you from electricity.
   It protects you from poison.
   It protects you from negative energy.
 V - the ring of Goaxug (left hand) {rF+ rN+ Will+}
   (You found it on level 3 of the Crypt)

   [ring of positive energy]

   It protects you from fire.
   It protects you from negative energy.
   It affects your willpower, your defense against some magical effects.
Wands
 i - a wand of acid (26) (quivered)
 n - a wand of digging (18)
Scrolls
 d - 7 scrolls of fear
 f - 23 scrolls of teleportation
 p - 9 scrolls of fog
 s - 6 scrolls of blinking
 u - a scroll of holy word
 y - 6 scrolls of magic mapping
 A - 5 scrolls of enchant armour
 N - 40 scrolls of identify
 Q - a scroll of silence
Potions
 b - 6 potions of resistance
 e - 11 potions of heal wounds
 g - 5 potions of cancellation
 h - 6 potions of lignification
 j - 12 potions of flight
 k - 25 potions of curing
 o - 10 potions of mutation
 v - 6 potions of ambrosia
 z - 4 potions of attraction
 B - 4 potions of berserk rage
 D - 5 potions of haste
 G - 5 potions of invisibility
 O - 10 potions of might


   Skills:
 + Level 26.1 Fighting
 - Level 14.0 Staves
 - Level 1.7 Throwing
 + Level 26.1 Armour
 + Level 26.1 Dodging


You had 26 spell levels left.
You didn't know any spells.
Your spell library contained the following spells:

 Spells                   Type           Power        Failure   Level
 Animate Skeleton         Necr           0%           52%         1
 Apportation              Tloc           0%           52%         1
 Beastly Appendage        Tmut           0%           52%         1
 Corona                   Hex            0%           52%         1
 Foxfire                  Conj/Fire      0%           52%         1
 Magic Dart               Conj           0%           52%         1
 Pain                     Necr           0%           52%         1
 Sandblast                Erth           0%           52%         1
 Summon Small Mammal      Summ           0%           52%         1
 Blink                    Tloc           N/A          67%         2
 Call Imp                 Summ           0%           67%         2
 Corpse Rot               Necr/Air       N/A          67%         2
 Ensorcelled Hibernation  Hex/Ice        0%           67%         2
 Passwall                 Tmut/Erth      0%           67%         2
 Poisonous Vapours        Pois/Air       0%           67%         2
 Searing Ray              Conj           0%           67%         2
 Sublimation of Blood     Necr           0%           67%         2
 Swiftness                Air            0%           67%         2
 Wereblood                Tmut           0%           67%         2
 Call Canine Familiar     Summ           0%           87%         3
 Confusing Touch          Hex            0%           87%         3
 Conjure Flame            Conj/Fire      0%           87%         3
 Dazzling Flash           Conj/Hex       0%           87%         3
 Gell's Gravitas          Tloc           0%           87%         3
 Inner Flame              Hex/Fire       0%           87%         3
 Lesser Beckoning         Tloc           0%           87%         3
 Mephitic Cloud           Conj/Pois/Air  0%           87%         3
 Portal Projectile        Hex/Tloc       0%           87%         3
 Spider Form              Tmut/Pois      0%           87%         3
 Static Discharge         Conj/Air       0%           87%         3
 Stone Arrow              Conj/Erth      0%           87%         3
 Summon Guardian Golem    Hex/Summ       0%           87%         3
 Teleport Other           Tloc           0%           87%         3
 Tukima's Dance           Hex            0%           87%         3
 Animate Armour           Summ/Erth      0%           99%         4
 Cause Fear               Hex            0%           99%         4
 Dispel Undead            Necr           0%           99%         4
 Fulminant Prism          Conj/Hex       0%           99%         4
 Ice Form                 Ice/Tmut       0%           99%         4
 Iskenderun's Mystic Bla  Conj/Tloc      0%           99%         4
 Leda's Liquefaction      Hex/Erth       0%           99%         4
 Manifold Assault         Tloc           0%           99%         4
 Passage of Golubria      Tloc           N/A          99%         4
 Petrify                  Tmut/Erth      0%           99%         4
 Sticky Flame             Conj/Fire      0%           99%         4
 Summon Ice Beast         Ice/Summ       0%           99%         4
 Summon Lightning Spire   Summ/Air       0%           99%         4
 Agony                    Necr           0%           100%        5
 Blade Hands              Tmut           0%           100%        5
 Bolt of Magma            Conj/Fire/Erth 0%           100%        5
 Borgnjor's Vile Clutch   Necr/Erth      0%           100%        5
 Excruciating Wounds      Necr           0%           100%        5
 Fireball                 Conj/Fire      0%           100%        5
 Irradiate                Conj/Tmut      0%           100%        5
 Iskenderun's Battlesphe  Conj           0%           100%        5
 Lee's Rapid Deconstruct  Erth           0%           100%        5
 Lightning Bolt           Conj/Air       0%           100%        5
 Metabolic Englaciation   Hex/Ice        0%           100%        5
 Silence                  Hex/Air        0%           100%        5
 Summon Forest            Summ/Tloc      0%           100%        5
 Yara's Violent Unravell  Hex/Tmut       0%           100%        5
 Conjure Ball Lightning   Conj/Air       0%           100%        6
 Death Channel            Necr           0%           100%        6
 Eringya's Noxious Bog    Tmut/Pois      0%           100%        6
 Freezing Cloud           Conj/Ice/Air   0%           100%        6
 Hydra Form               Tmut           0%           100%        6
 Invisibility             Hex            0%           100%        6
 Iron Shot                Conj/Erth      0%           100%        6
 Shadow Creatures         Summ           N/A          100%        6
 Simulacrum               Ice/Necr       0%           100%        6
 Starburst                Conj/Fire      0%           100%        6
 Statue Form              Tmut/Erth      0%           100%        6
 Dragon Form              Tmut           0%           100%        7
 Orb of Destruction       Conj           0%           100%        7
 Ozocubu's Refrigeration  Ice            0%           100%        7
 Spellforged Servitor     Conj/Summ      0%           100%        7
 Summon Hydra             Summ           0%           100%        7
 Discord                  Hex            0%           100%        8
 Disjunction              Tloc           0%           100%        8
 Ignition                 Fire           0%           100%        8
 Death's Door             Necr           0%           100%        9
 Dragon's Call            Summ           0%           100%        9
 Shatter                  Erth           0%           100%        9
 Tornado                  Air            0%           100%        9


Dungeon Overview and Level Annotations

Branches:
Dungeon (15/15)            Temple (0/1) D:4            Lair (6/6) D:8
 Shoals (4/4) Lair:2        Snake (4/4) Lair:4        Slime (0/5) Lair:5
    Orc (2/2) D:11            Elf (3/3) Orc:2        Vaults (5/5) D:13
  Crypt (3/3) Vaults:3       Tomb (0/3) Crypt:3      Depths (5/5) D:15
   Hell (visited)             Dis (0/7) Hell            Geh (0/7) Hell
    Coc (0/7) Hell            Tar (0/7) Hell            Zot (5/5) Depths:5
 Bailey (visited)         Gauntlet (visited)

Shops:
Orc:1 :   Orc:2 [*??*   Elf:3 ?   Vaults:3 (   Vaults:4 (   Vaults:5 !
Depths:3 *

Portals:
Hell: Depths:1 Depths:2 Depths:3 Depths:4 Depths:5
Abyss: Snake:1 Depths:2 Depths:4
Pandemonium: Depths:3 Depths:5
Ziggurat: Depths:2
Trove: Vaults:4 (give +7 demon trident)

Annotations:
Depths:3 exclusions: neqoxec and orange demon
Zot:5 1 exclusion


Innate Abilities, Weirdness & Mutations

You have an increased reservoir of magic. (+10% MP)
You have a pair of antennae on your head.
You have sharp fingernails.
You have sharp toenails.
You are frail. (-10% HP)
You occasionally shout uncontrollably at your foes.
You do not regenerate when monsters are visible.
Your spells are a little harder to cast, but a little more powerful.
You expend magic power (3 MP) to strengthen your wands.


Message History

The white draconian completely misses you.
You slice the white draconian!!
You kill the white draconian!
The Brimstone Fiend calls on the powers of darkness!
Your body is wracked with pain!
The moth of wrath convulses!
The ancient lich points at you and mumbles some strange words.
You resist with almost no effort.
You rampage towards the moth of wrath!
The ancient lich casts a spell at you. The crystal spear misses you.
The moth of wrath completely misses you.
You rampage towards the ancient lich!
You hit the ancient lich.
The ancient lich is lightly damaged.
The Brimstone Fiend calls on the powers of darkness!
Your body is wracked with pain!
* * * LOW HITPOINT WARNING * * *
The moth of wrath convulses!
You slice the moth of wrath!!
You kill the moth of wrath!
The ancient lich closely misses you.
You barely miss the ancient lich.
The Brimstone Fiend completely misses you. x3
You closely miss the ancient lich. The ancient lich completely misses you.
You slash the ancient lich!
The ancient lich is lightly damaged.
The Brimstone Fiend completely misses you. x3
You slice the ancient lich!!
The ancient lich is moderately damaged.
The ancient lich casts a spell.
The ancient lich seems to speed up.
You slash the ancient lich!
The ancient lich is heavily damaged.
The Brimstone Fiend completely misses you.
The Brimstone Fiend hits you but does no damage.
The Brimstone Fiend completely misses you.
The ancient lich casts a spell at you. The bolt of acid hits you!!!
* * * LOW HITPOINT WARNING * * *
The acid corrodes you!
You are splashed with acid!
You die...

*,,,,,,,,,,,* *,*
*,,******,*,***,* ### *,,*
*,,,,,,,,,* #X* *,,* *,**,,*****
#.# *****###########***
*******#{# **,,,,..........##
*,,,,,{{{{ **,,,,,^..........##
**,,,,{{{{ **,,,,,,........1...##
*,,,..... *,,,,,,,.......)@....#
**,...... *,,,,,,,......^L.....#
*....... *,,,,,,^.............#
*#....... *,,,,,,,......^...^..#
*,,,,,,,, *,,,,,,,.............#
**,,,,,,,,
*,,,,,,,.............#**,,,,,,,,,
**,,,,,,............##*,,,*******
**,,,,,,..........##,,,,**
**,^,,,,,,,,,,^,,,^,,***


You could see an ancient lich (fast) and a Brimstone Fiend.

Vanquished Creatures
  5 ancient liches
  4 dread liches
  5 orbs of fire
  Mara (Crypt:1)
  A juggernaut (Zot:3)
  Sojobo (Vaults:5)
  Margery (Vaults:4)
  A shard shrike (Zot:2)
  Bai Suzhen (Shoals:3)
  12 golden dragons
  Saint Roka (Crypt:3)
  2 curse toes
  Geryon (Hell)
  Nikola (Depths:3)
  A bone dragon (Crypt:3)
  5 electric golems
  14 tentacled monstrosities
  8 Orb Guardians (Zot:5)
  5 liches
  4 titans
  2 deep elf blademasters (Elf:3)
  2 deep elf master archers (Elf:3)
  Murray (Hell)
  5 sphinxes
  3 quicksilver dragons
  A kraken (Shoals:3)
  5 death cobs
  10 ancient champions
  Agnes (D:14)
  Donald (Elf:1)
  15 storm dragons
  The ghost of Huteats the Covert, an adept VSFi of Uskayaw (Snake:1)
  13 shadow dragons
  Gastronok (Lair:3)
  10 tengu reavers
  12 nagarajas
  11 draconian monks (Zot:2)
  11 fire giants
  2 revenants
  3 iron dragons
  4 draconian knights
  An iron dragon (shapeshifter) (Vaults:5)
  3 ghost moths
  2 balrugs
  Louise (Elf:1)
  A curse skull (Crypt:3)
  8 deep elf sorcerers
  16 vault wardens
  10 draconian scorchers
  2 draconian shifters (Zot:4)
  9 frost giants
  A ghoul (Crypt:2)
  A juggernaut zombie (Depths:4)
  5 deep elf elementalists
  2 draconian stormcallers
  9 ironheart preservers
  An orc warlord (Bailey)
  A spriggan defender (Depths:1)
  2 caustic shrike skeletons (Crypt:3)
  6 reapers
  3 draconian annihilators
  16 very ugly things
  25 stone giants
  3 war gargoyles
  4 vampire knights
  6 deep elf demonologists
  Nessos (D:13)
  A lorocyproca (Hell)
  An entropy weaver (Vaults:3)
  12 red draconians
  9 deep elf annihilators
  10 yellow draconians
  15 white draconians
  11 purple draconians
  12 black draconians
  7 green draconians
  Azrael (D:13)
  6 eidola
  A crystal guardian (Vaults:4)
  15 deep elf death magi
  15 fire dragons
  Josephine (Snake:1)
  19 ettins
  An eleionoma (shapeshifter) (Vaults:2)
  4 merfolk javelineers
  18 jiangshi
  A blizzard demon (Depths:5)
  11 merfolk impalers
  2 quicksilver dragon zombies (Crypt:1)
  A kraken zombie (Hell)
  3 deep elf high priests
  7 yaktaur captains
  8 great orbs of eyes
  8 ogre magi
  29 naga warriors
  8 rakshasas
  Fannar (D:12)
  27 vault guards
  18 ice dragons
  A hell beast (Depths:1)
  Harold (D:7)
  2 catoblepae
  A monstrous demonspawn (Depths:5)
  7 hydras
  5 death knights
  2 spriggan air magi
  13 anacondas
  8 boulder beetles
  An alligator snapping turtle (Shoals:4)
  16 death yaks
  34 two-headed ogres
  7 merfolk avatars
  Erica (D:8)
  10 centaur warriors
  2 merfolk aquamancers (Shoals:3)
  4 satyrs
  17 deep troll shamans
  A queen ant (shapeshifter) (Vaults:5)
  6 vampire magi
  4 tengu warriors
  2 thrashing horrors (Snake:1)
  15 hell hogs
  An orc high priest (Elf:3)
  39 dancing weapons
  7 shock serpents
  The ghost of Megustar the Thaumaturge, a journeyman DESu of Vehumet (D:13)
  7 deep troll earth magi
  18 naga sharpshooters
  9 spriggan berserkers
  5 soul eaters
  4 sun demons
  Sonja (Lair:4)
  18 hell knights
  7 titan skeletons
  25 deep elf knights
  53 skeletal warriors
  A salamander mystic (Snake:4)
  An unseen horror (shapeshifter) (Vaults:3)
  3 iron trolls
  6 flayed ghosts
  2 shadow wraiths
  2 iron golems (Hell)
  7 glowing orange brains
  2 storm dragon skeletons (Crypt:3)
  12 sea snakes
  An anaconda zombie (Hell)
  12 naga ritualists
  A deep troll (shapeshifter) (Depths:1)
  5 unseen horrors
  A tengu zombie (Depths:4)
  A bog body (Crypt:2)
  24 deep trolls
  An anaconda skeleton (Hell)
  A kraken simulacrum (Hell)
  A harpy (shapeshifter) (D:13)
  15 ironbrand convokers
  11 deep elf archers
  9 wizards
  4 oklob plants (Lair:1)
  6 phantasmal warriors
  34 deep elf zephyrmancers
  A mana viper (shapeshifter) (Depths:1)
  14 mana vipers
  6 orc knights
  19 harpies
  12 necromancers
  9 cyclopes
  4 shadow dragon skeletons
  A wolf spider zombie (D:15)
  19 fauns
  An iron dragon zombie (Crypt:3)
  43 ugly things
  A cyclops (shapeshifter) (Vaults:5)
  A fire giant zombie (D:15)
  A draconian (Zot:3)
  28 deep elf pyromancers
  3 wolf spiders (Vaults:1)
  2 stone giant zombies
  A goliath frog skeleton (Crypt:3)
  13 manticores
  13 salamanders
  9 merfolk sirens
  17 elephants
  3 orc sorcerers
  20 moths of wrath
  A human skeleton (Vaults:4)
  3 frost giant skeletons
  4 centaur zombies
  8 water nymphs
  11 vault sentinels
  24 naga magi
  An apocalypse crab (Snake:1)
  41 black mambas
  A fire giant skeleton (Crypt:3)
  A molten gargoyle (Hell)
  2 smoke demons (Hell)
  9 guardian serpents
  An iron dragon skeleton (Crypt:3)
  9 rust devils
  2 gargoyles
  A cane toad (shapeshifter) (Depths:5)
  6 cane toads
  7 centaur skeletons
  4 orange demons
  2 shock serpent skeletons (Crypt:3)
  A hellion (Hell)
  23 yaktaurs
  A tormentor (Depths:3)
  A white draconian zombie (Crypt:1)
  A swamp worm zombie (Crypt:2)
  5 rime drakes
  A dire elephant skeleton (Crypt:3)
  15 komodo dragons
  A kobold demonologist (D:15)
  10 freezing wraiths
  12 ice devils
  A catoblepas zombie (Crypt:1)
  A guardian mummy (D:15)
  5 tengu conjurers
  2 merfolk (shapeshifter)
  4 polar bears
  2 elf skeletons
  3 hydra zombies
  A polar bear (shapeshifter) (D:15)
  38 merfolk
  A wind drake (shapeshifter) (Vaults:3)
  16 trolls
  A hornet (shapeshifter) (Vaults:4)
  7 hornets
  A slime creature (shapeshifter) (Vaults:5)
  2 red devils
  6 wind drakes
  Prince Ribbit (D:5)
  2 raiju (shapeshifter)
  2 hydra skeletons
  A raiju (Snake:1)
  An ettin zombie (Crypt:3)
  A death drake skeleton (Crypt:1)
  36 slime creatures
  6 dream sheep (Lair:6)
  A dream sheep (shapeshifter) (Depths:2)
  15 snapping turtles
  5 blink frogs (Lair:6)
  An ice dragon skeleton (Crypt:3)
  A redback (shapeshifter) (D:13)
  4 air elementals
  A large abomination (Snake:1)
  An alligator skeleton (Crypt:3)
  5 spriggans (Depths:3)
  4 wyverns
  A tarantella (Vaults:3)
  A satyr skeleton (Crypt:1)
  7 water elementals
  2 ettin skeletons
  3 vampires
  3 redbacks (Vaults:3)
  3 fire dragon skeletons (Crypt:3)
  16 fire elementals
  4 basilisks
  A shadow (D:14)
  48 yaks
  18 wraiths
  A human (shapeshifter) (Elf:1)
  2 steam dragons
  Eustachio (D:5)
  A chaos spawn (Depths:5)
  5 vampire mosquitoes
  65 nagas
  Edmund (D:4)
  Grum (D:8)
  A gelid demonspawn zombie (Crypt:3)
  A soldier ant (shapeshifter) (Vaults:3)
  2 cane toad zombies
  A glowing shapeshifter zombie (Crypt:2)
  7 wargs
  2 soldier ants
  3 swamp worms (D:11)
  3 acid dragons
  28 water moccasins
  A floating eye (Depths:3)
  2 hell hounds (D:13)
  A floating eye (shapeshifter) (Elf:2)
  3 hydra simulacra
  5 sky beasts
  A hornet zombie (D:11)
  2 ice beasts
  26 orc warriors
  2 manticore zombies
  2 black bears
  39 ogres
  2 necrophages
  An eye of draining (D:15)
  13 boggarts
  33 wolves
  2 blink frog skeletons
  22 centaurs
  3 phantoms
  Blork the orc (D:4)
  2 kobold brigands
  25 bullfrogs
  A cane toad simulacrum (Hell)
  A wyvern zombie (D:12)
  2 earth elementals
  A wyvern skeleton (D:14)
  2 gnoll sergeants
  A warg zombie (Crypt:3)
  A scorpion (D:7)
  27 wights
  13 killer bees
  A human simulacrum (Vaults:1)
  A raiju zombie (Crypt:3)
  A polar bear skeleton (Crypt:3)
  A spriggan skeleton (Crypt:2)
  3 electric eels
  A vampire bat (Orc:1)
  2 crimson imps (Depths:5)
  3 bullfrog zombies
  6 quasits
  7 hounds
  4 jellies (Lair:5)
  4 bullfrog skeletons
  15 orc priests
  Crazy Yiuf (D:3)
  4 iron imps
  2 iguanas
  A basilisk skeleton (Crypt:3)
  12 hell rats
  22 orc wizards
  9 worker ants
  A tengu skeleton (Crypt:3)
  34 gnolls
  A worker ant zombie (D:11)
  A howler monkey skeleton (D:10)
  12 adders
  2 shadow imps
  3 white imps
  3 ufetubi
  3 oozes (Lair:5)
  An adder zombie (D:9)
  2 adder skeletons
  An iguana skeleton (Crypt:2)
  2 dart slugs
  2 worms
  5 leopard geckos
  96 orcs
  12 bats
  A giant cockroach (D:3)
  A gnoll zombie (Crypt:2)
  22 hobgoblins
  13 jackals
  A quokka (D:9)
  4 ball pythons
  A frilled lizard (D:1)
  2 frilled lizard skeletons
  24 goblins
  A jackal zombie (D:3)
  18 kobolds
  2 leopard gecko skeletons (D:4)
  An orc zombie (Crypt:3)
  A quokka zombie (D:8)
  6 rats
  5 tentacles
2610 creatures vanquished.

Vanquished Creatures (others)
  Ilsuiw (Shoals:2)
  An ettin (Depths:3)
  An ogre mage (Vaults:5)
  A merfolk aquamancer (Shoals:4)
  An unseen horror (D:13)
  A deep elf zephyrmancer (Elf:1)
  A harpy (Shoals:3)
  A yaktaur (Vaults:5)
  A soldier ant (D:13)
  A naga (Snake:2)
  4 boggarts
  A bullfrog zombie (D:13)
  2 orcs (D:13)
  A quokka (D:10)
  11 demonic plants (Gauntlet)
  49 fungi
  299 plants
  12 tentacles
  6 withered plants
395 creatures vanquished.

Grand Total: 3005 creatures vanquished

Notes
Turn   | Place    | Note
-------+----------+-------------------------------------------
     0 | D:1      | HoaS the Demigod Gladiator began the quest for the Orb.
     0 | D:1      | Reached XP level 1. HP: 17/17 MP: 3/3
    99 | D:1      | Reached XP level 2. HP: 24/24 MP: 4/4
  1467 | D:3      | Reached XP level 3. HP: 29/29 MP: 5/5
  1937 | D:3      | Found a roughly hewn altar of Beogh.
  1985 | D:3      | Reached XP level 4. HP: 30/36 MP: 6/6
  2006 | D:3      | Found a runed translucent door.
  2007 | D:3      | Noticed Crazy Yiuf
  2200 | D:3      | Reached skill level 5 in Staves
  2575 | D:3      | Killed Crazy Yiuf
  2576 | D:3      | Reached XP level 5. HP: 29/41 MP: 7/7
  2721 | D:4      | Noticed an ogre
  2811 | D:4      | Found a staircase to the Ecumenical Temple.
  2996 | D:4      | Found a burning altar of Makhleb.
  2998 | D:4      | Noticed a balrug
  3210 | D:4      | Noticed an ogre
  3220 | D:4      | Killed an ogre
  3221 | D:4      | Reached XP level 6. HP: 29/48 MP: 8/8
  3341 | D:4      | Noticed Blork the orc
  3371 | D:4      | Killed Blork the orc
  3383 | D:4      | Found a shimmering blue altar of Sif Muna.
  3465 | D:4      | Noticed Edmund
  3486 | D:4      | Killed Edmund
  3487 | D:4      | Reached XP level 7. HP: 46/53 MP: 9/9
  3711 | D:5      | Entered Level 5 of the Dungeon
  3866 | D:5      | Noticed Prince Ribbit
  3894 | D:5      | Killed Prince Ribbit
  4452 | D:5      | Noticed Eustachio
  4454 | D:5      | Found a hide-covered altar of Uskayaw.
  4455 | D:5      | Found a basalt altar of Yredelemnul.
  4463 | D:5      | Killed Eustachio
  4468 | D:5      | Found a glowing golden altar of the Shining One.
  4604 | D:5      | Reached XP level 8. HP: 60/60 MP: 10/10
  4922 | D:6      | Reached skill level 10 in Staves
  5028 | D:6      | Noticed a two-headed ogre
  5035 | D:6      | Killed a two-headed ogre
  5378 | D:7      | Reached XP level 9. HP: 67/67 MP: 11/11
  6239 | D:8      | Noticed Harold
  6269 | D:7      | Killed Harold
  6306 | D:7      | Reached XP level 10. HP: 69/73 MP: 13/13
  6311 | D:8      | Noticed a death yak
  6339 | D:8      | Noticed a death yak
  6357 | D:7      | Killed a death yak
  6393 | D:8      | Found a staircase to the Lair.
  6446 | D:8      | Reached skill level 1 in Armour
  6493 | D:8      | Found a stormy altar of Qazlal.
  6633 | D:8      | Noticed a death yak
  6642 | D:8      | Noticed Erica
  6964 | D:8      | Killed a death yak
  6975 | D:8      | Killed a death yak
  7015 | D:8      | Noticed Grum
  7021 | D:8      | Killed Grum
  7131 | D:9      | Found a glowing silver altar of Zin.
  7363 | D:9      | You fall into a shaft and drop 3 floors!
  7554 | D:10     | Entered Level 10 of the Dungeon
  7593 | D:9      | Found an opulent altar of Gozag.
  7722 | D:9      | Found a glowing golden altar of the Shining One.
  7753 | D:9      | Reached skill level 5 in Dodging
  7804 | D:9      | Reached XP level 11. HP: 85/85 MP: 14/14
  8420 | D:10     | Reached skill level 5 in Fighting
  8688 | D:10     | Found a white marble altar of Elyvilon.
  8723 | D:10     | Reached skill level 5 in Armour
  9010 | Lair:1   | Entered Level 1 of the Lair of Beasts
  9010 | Lair:1   | Found a gate leading to a gauntlet.
  9022 | Gauntlet | Entered a Gauntlet
  9022 | Gauntlet | Found a large runed translucent door.
  9022 | Gauntlet | Found a large runed translucent door.
  9022 | Gauntlet | Found a large runed translucent door.
  9022 | Gauntlet | Found a large runed translucent door.
  9022 | Gauntlet | Found a large runed translucent door.
  9022 | Gauntlet | Found a large runed translucent door.
  9022 | Gauntlet | Found a runed translucent door.
  9022 | Gauntlet | Found a transporter.
  9022 | Gauntlet | Found a transporter.
  9022 | Gauntlet | Found a runed translucent door.
  9022 | Gauntlet | Found a large runed translucent door.
  9022 | Gauntlet | Found a large runed translucent door.
  9022 | Gauntlet | Found a large runed translucent door.
  9022 | Gauntlet | Found a large runed translucent door.
  9022 | Gauntlet | Found a large runed translucent door.
  9022 | Gauntlet | Found a large runed translucent door.
  9026 | Gauntlet | Found a transporter.
  9026 | Gauntlet | Found a transporter.
  9029 | Gauntlet | Found a large runed translucent door.
  9029 | Gauntlet | Found a large runed translucent door.
  9029 | Gauntlet | Found a large runed translucent door.
  9031 | Gauntlet | Found a runed translucent gate.
  9031 | Gauntlet | Found a runed translucent gate.
  9031 | Gauntlet | Found a runed translucent gate.
  9033 | Gauntlet | Noticed a death ooze
  9036 | Gauntlet | Found a transporter.
  9045 | Gauntlet | Noticed a green death
  9046 | Gauntlet | Found a transporter.
  9046 | Gauntlet | Found a transporter.
  9048 | Gauntlet | Found the ring of the Mage {Wiz Will++ Int+3}
  9049 | Gauntlet | Found the amulet of Vitality {Regen+ HP+15}
  9049 | Gauntlet | Noticed a balrug
  9070 | Gauntlet | Found a transporter.
  9071 | Gauntlet | Noticed a glowing orange brain
  9071 | Gauntlet | a moth of wrath changed into a glowing orange brain
  9077 | Gauntlet | Found a transporter.
  9080 | Gauntlet | Noticed a two-headed ogre
  9080 | Gauntlet | a glowing orange brain changed into a two-headed ogre
  9084 | Gauntlet | a two-headed ogre changed into a mana viper
  9089 | Gauntlet | Found a transporter.
  9093 | Gauntlet | Noticed a glowing orange brain
  9093 | Gauntlet | a mana viper changed into a glowing orange brain
  9121 | Gauntlet | Found a transporter.
  9129 | Gauntlet | Noticed a fire crab
  9134 | Gauntlet | Found a large runed translucent door.
  9160 | Gauntlet | Found a transporter.
  9164 | Gauntlet | Noticed a necromancer
  9174 | Gauntlet | Found a transporter.
  9259 | Gauntlet | Found a transporter.
  9274 | Gauntlet | Found a transporter.
  9276 | Gauntlet | Noticed a wizard
  9296 | Gauntlet | Found a transporter.
  9745 | Lair:1   | HP: 3/89 [poisoned by a black mamba]
 10058 | Lair:1   | Noticed a six-headed hydra
 10308 | Lair:1   | Killed a six-headed hydra
 11129 | Lair:2   | Found a staircase to the Shoals.
 11149 | Lair:2   | Reached XP level 12. HP: 94/100 MP: 15/15
 11581 | Lair:3   | Noticed a six-headed hydra
 11620 | Lair:2   | Killed a six-headed hydra
 12111 | Lair:3   | Noticed Gastronok
 12144 | Lair:3   | Killed Gastronok
 12156 | Lair:3   | Noticed a catoblepas
 12193 | Lair:3   | Killed a catoblepas
 13098 | Lair:4   | Noticed Sonja
 13107 | Lair:4   | Killed Sonja
 13630 | Lair:4   | You fall into a shaft and drop 1 floor!
 13842 | Lair:5   | Reached XP level 13. HP: 111/111 MP: 16/16
 14088 | Lair:4   | Found a staircase to the Snake Pit.
 14574 | Lair:5   | Reached skill level 10 in Dodging
 14633 | Lair:5   | Found a staircase to the Slime Pits.
 14758 | Lair:5   | Identified the +13 plate armour of the Shrike {Str+4}
 14961 | Lair:5   | Reached skill level 10 in Fighting
 15007 | Lair:5   | Reached skill level 10 in Armour
 15448 | Lair:6   | Entered Level 6 of the Lair of Beasts
 16046 | Lair:6   | Reached XP level 14. HP: 119/124 MP: 17/17
 17029 | Lair:6   | Identified a scroll of acquirement
 17029 | Lair:6   | Acquired a +6 lajatang of speed
 17176 | D:8      | Killed Erica
 17328 | D:11     | Found a staircase to the Orcish Mines.
 18137 | D:12     | Found a runed translucent door.
 18458 | D:12     | Noticed Fannar
 18469 | D:12     | Killed Fannar
 18887 | Orc:1    | Entered Level 1 of the Orcish Mines
 19005 | Orc:2    | Entered Level 2 of the Orcish Mines
 19133 | Orc:2    | Found a staircase to the Elven Halls.
 19168 | Orc:2    | Found Xinnuk's General Store.
 19176 | Orc:2    | Bought a potion of might for 60 gold pieces
 19176 | Orc:2    | Bought a scroll of enchant armour for 112 gold pieces
 19176 | Orc:2    | Bought a scroll of teleportation for 45 gold pieces
 19216 | Orc:2    | Found Ihehig's Magic Scroll Emporium.
 19451 | Orc:2    | Found Ateoj's Magic Scroll Boutique.
 19456 | Orc:2    | Found Zuval's Assorted Antiques.
 19471 | Orc:2    | Found Mucukhloxt's Antique Armour Emporium.
 19697 | Orc:2    | Found a bloodstained altar of Trog.
 20214 | Orc:1    | Reached XP level 15. HP: 130/134 MP: 18/18
 20259 | Orc:1    | Found Nehuesch's Book Emporium.
 20406 | Orc:2    | Bought a scroll of enchant weapon for 75 gold pieces
 20406 | Orc:2    | Bought a scroll of acquirement for 520 gold pieces
 20406 | Orc:2    | Bought a scroll of brand weapon for 200 gold pieces
 20406 | Orc:2    | Bought a scroll of acquirement for 520 gold pieces
 20406 | Orc:2    | Bought a scroll of teleportation for 30 gold pieces
 20406 | Orc:2    | Bought a scroll of enchant weapon for 75 gold pieces
 20412 | Orc:2    | Bought a scroll of teleportation for 45 gold pieces
 20412 | Orc:2    | Bought 2 scrolls of teleportation for 90 gold pieces
 20474 | Orc:1    | Acquired the +0 pair of gloves of the Desolation of Salt
                  | {Will+ Dex+6}
 20487 | Orc:1    | Acquired a manual of Armour
 20662 | D:13     | Noticed Azrael
 20668 | D:13     | Noticed Nessos
 20739 | D:13     | Killed Nessos
 20746 | D:13     | Found a flagged portal.
 20755 | Bailey   | Entered a bailey
 21228 | Bailey   | Reached XP level 16. HP: 143/143 MP: 19/19
 21229 | Bailey   | Acquired 749 gold pieces
 21444 | D:13     | Found a runed translucent door.
 21498 | D:13     | Found a radiant altar of Vehumet.
 21674 | D:13     | Noticed Megustar's ghost (journeyman DESu)
 21753 | D:13     | Killed Azrael
 21803 | D:13     | Found a gate to the Vaults.
 21884 | D:13     | Killed Megustar's ghost
 21918 | D:14     | You fall into a shaft and drop 1 floor!
 21918 | D:15     | Entered Level 15 of the Dungeon
 22052 | D:14     | Acquired a manual of Armour
 22679 | D:14     | Noticed Agnes
 22688 | D:14     | Killed Agnes
 23052 | D:15     | Found a staircase to the Depths.
 24306 | Snake:1  | Entered Level 1 of the Snake Pit
 24492 | Snake:1  | Found a transporter.
 24958 | Snake:1  | Found a transporter.
 24958 | Snake:1  | Found a one-way gate to the infinite horrors of the Abyss.
 24958 | Snake:1  | Noticed Huteats's ghost (adept VSFi)
 24965 | Snake:1  | Noticed a tentacled monstrosity
 24988 | Snake:1  | Identified the +3 flail of an ossuary {distort, Int+4}
 25076 | Snake:1  | Noticed Josephine
 25085 | Snake:1  | Killed Josephine
 25556 | Snake:2  | Reached XP level 17. HP: 154/154 MP: 20/20
 26371 | Snake:3  | Reached skill level 15 in Dodging
 26377 | Snake:3  | Reached skill level 15 in Fighting
 26386 | Snake:3  | Reached skill level 15 in Armour
 27256 | Snake:4  | Entered Level 4 of the Snake Pit
 28578 | Snake:4  | Found a runed translucent door.
 28887 | Snake:4  | Reached XP level 18. HP: 152/166 MP: 21/21
 29748 | Snake:4  | Got a serpentine rune of Zot
 30176 | Orc:1    | Bought a manual of Fighting for 1656 gold pieces
 30369 | Shoals:1 | Entered Level 1 of the Shoals
 30370 | Shoals:1 | Upgraded the game from 0.27-a0-448-gace5c5693b to
                  | 0.27-a0-460-g297a19dbdb
 31217 | Shoals:2 | Noticed Ilsuiw
 31256 | Shoals:2 | Killed Ilsuiw
 31995 | Shoals:3 | Identified the +0 ring mail of the Wilderness {+Fly rElec
                  | Will- Str+5}
 32816 | Shoals:4 | Entered Level 4 of the Shoals
 32875 | Shoals:4 | Noticed Bai Suzhen
 33065 | Shoals:3 | Killed Bai Suzhen
 33066 | Shoals:3 | Reached XP level 19. HP: 177/177 MP: 22/22
 33513 | Shoals:4 | Got a barnacled rune of Zot
 34536 | Elf:1    | Entered Level 1 of the Elven Halls
 34635 | Elf:1    | Noticed Louise
 34659 | Elf:1    | Killed Louise
 35012 | Elf:1    | Noticed Donald
 35034 | Elf:1    | Killed Donald
 35690 | Elf:2    | Found a runed translucent gate.
 35696 | Elf:2    | Found a runed translucent gate.
 35697 | Elf:2    | Found a runed translucent gate.
 36633 | Vaults:1 | Entered Level 1 of the Vaults
 36795 | Vaults:1 | Reached XP level 20. HP: 177/191 MP: 24/24
 37661 | Vaults:1 | Identified the ring of Miusuapt {rC+ Str+5}
 38775 | Vaults:2 | You fall into a shaft and drop 1 floor!
 39594 | Vaults:3 | Found Jaamiy's Weapon Boutique.
 39924 | Vaults:3 | Found a staircase to the Crypt.
 40755 | Vaults:4 | Noticed Margery
 40777 | Vaults:4 | Killed Margery
 40819 | Vaults:4 | Reached XP level 21. HP: 201/201 MP: 25/25
 40994 | Vaults:4 | Found a portal to a secret trove of treasure.
 41076 | Vaults:4 | Found Mebops's Weapon Emporium.
 41936 | Depths:1 | Entered Level 1 of the Depths
 42652 | Depths:1 | Found a gateway to Hell.
 42696 | Depths:1 | Noticed a golden dragon
 42720 | Depths:1 | Killed a golden dragon
 43968 | Snake:1  | Killed Huteats's ghost
 43992 | Snake:1  | Identified the ring "Veczirol" {Wiz rPois rC- Will+ Dex+4}
 44290 | Lair:1   | Identified the +7 scimitar of the Hills {vorpal, Will+}
 44580 | Depths:2 | Found a gateway to a ziggurat.
 44666 | Depths:2 | Identified the +9 mace of Psychosis {vorpal, Int+4}
 44666 | Depths:2 | Identified the ring "Izebega Eps" {rPois rC+ rN++ MP+9
                  | Dex-4}
 44769 | Depths:2 | Reached XP level 22. HP: 203/213 MP: 26/26
 44927 | Depths:2 | Identified the +1 leather armour "Gepug" {Regen+}
 44978 | Depths:2 | Identified the Grimoire of the Spatial Snowflakes
 45764 | Depths:3 | Found Caissoy's General Store.
 45831 | Depths:3 | Noticed Nikola
 45851 | Depths:3 | Killed Nikola
 45898 | Depths:3 | You fall into a shaft and drop 1 floor!
 46447 | Depths:3 | Found a one-way gate leading to the halls of Pandemonium.
 46603 | Depths:3 | Paralysed by a floating eye for 3 turns
 47888 | Depths:5 | Entered Level 5 of the Depths
 47975 | Depths:5 | Identified the +7 tower shield of the Tired Leylines
                  | {Dex+2}
 48178 | Depths:5 | Found a gate to the Realm of Zot.
 48680 | Depths:5 | Reached XP level 23. HP: 223/223 MP: 27/27
 49289 | Hell     | Entered the Vestibule of Hell
 49289 | Hell     | Noticed Geryon
 50046 | Hell     | Killed Geryon
 50083 | Hell     | Found a gateway to the decaying netherworld of Tartarus.
 50133 | Hell     | Noticed Murray
 50176 | Hell     | Killed Murray
 50406 | Hell     | Found a gateway to the Iron City of Dis.
 50486 | Hell     | Found a gateway to the freezing wastes of Cocytus.
 50645 | Hell     | Found a gateway to the ashen valley of Gehenna.
 51012 | Crypt:1  | Entered Level 1 of the Crypt
 51060 | Crypt:1  | Noticed Mara
 51115 | Crypt:1  | Killed Mara
 52574 | Crypt:2  | Identified the +10 mace of Quick Death {vorpal, +Blink rN+}
 52810 | Crypt:2  | Identified the +5 scale mail of the Serpent {+Inv Str+4
                  | Dex+4}
 52863 | Crypt:3  | Entered Level 3 of the Crypt
 52863 | Crypt:3  | Noticed Saint Roka
 52893 | Crypt:3  | Killed Saint Roka
 53132 | Crypt:3  | Reached XP level 24. HP: 234/234 MP: 27/27
 53236 | Crypt:3  | Found a staircase to the Tomb.
 53638 | Crypt:3  | Identified Xaaquic's Compendium of Dark Magic and the
                  | Volcanoes
 53739 | Crypt:3  | Identified the ring "Hizocli" {rPois rN+ Int+4}
 53739 | Crypt:3  | Identified the ring of Linebbekh {rElec rPois rN+}
 53739 | Crypt:3  | Identified the ring of Goaxug {rF+ rN+ Will+}
 54161 | Crypt:3  | Noticed a dread lich
 54172 | Crypt:3  | Killed a dread lich
 54190 | Crypt:3  | Identified the Compendium of Unholy Arts
 55042 | Elf:3    | Entered Level 3 of the Elven Halls
 55585 | Elf:3    | Identified the +4 falchion of Destiny {flame, Will+}
 55854 | Elf:3    | Identified the Handbook of Bewitchment and Combat Magic
 55860 | Elf:3    | Identified the +8 battleaxe "Lidiraun" {distort, +Rage
                  | Int-2 Dex+8 Stlth+}
 55920 | Elf:3    | Identified the +8 mace of Valiance {flame, +Blink Dex+6
                  | Stlth-}
 56168 | Elf:3    | Found Wierou's Magic Scroll Boutique.
 56178 | Elf:3    | Bought a scroll of teleportation for 36 gold pieces
 56178 | Elf:3    | Bought a scroll of enchant weapon for 90 gold pieces
 56178 | Elf:3    | Bought a scroll of teleportation for 36 gold pieces
 56178 | Elf:3    | Bought a scroll of acquirement for 624 gold pieces
 56412 | Elf:3    | Acquired 1039 gold pieces
 56814 | Vaults:5 | Entered Level 5 of the Vaults
 56846 | Vaults:5 | Noticed an ancient lich
 56997 | Vaults:5 | Killed an ancient lich
 57055 | Vaults:5 | Noticed an ancient lich
 57223 | Vaults:4 | Killed an ancient lich
 57224 | Vaults:4 | Reached XP level 25. HP: 245/245 MP: 27/27
 57422 | Vaults:5 | Noticed Sojobo
 57462 | Vaults:5 | Killed Sojobo
 57711 | Vaults:5 | Got a silver rune of Zot
 57917 | Vaults:5 | Identified the ring of Cheibriados's Pride {+Fly Dex+4}
 58408 | Vaults:5 | Identified the Incunabulum of Malediction and Translocation
 58412 | Vaults:5 | Identified the +0 kite shield "Qarghe" {rElec rF- Int+7
                  | Stlth+}
 58523 | Vaults:5 | Found Telet's Distillery.
 58696 | Vaults:5 | Identified the +4 cloak of Spite {rC- Will+ rCorr Dex+4}
 58769 | Vaults:5 | Identified the +10 longbow of the New World {vorpal, rF++
                  | Int+3}
 58924 | Vaults:5 | Bought 2 potions of haste for 360 gold pieces
 58924 | Vaults:5 | Bought a potion of berserk rage for 90 gold pieces
 58924 | Vaults:5 | Bought a potion of heal wounds for 90 gold pieces
 58924 | Vaults:5 | Bought a potion of heal wounds for 90 gold pieces
 58924 | Vaults:5 | Bought a potion of curing for 54 gold pieces
 58924 | Vaults:5 | Bought a potion of heal wounds for 90 gold pieces
 59306 | Zot:1    | Entered Level 1 of the Realm of Zot
 59932 | Zot:1    | Noticed an orb of fire
 59937 | Zot:1    | Gained mutation: You do not regenerate when monsters are
                  | visible. [an orb of fire]
 59948 | Zot:1    | Gained mutation: Your spells are a little easier to cast,
                  | but a little less powerful. [an orb of fire]
 59953 | Zot:1    | Killed an orb of fire
 61269 | Zot:2    | Noticed an ancient lich
 61319 | Zot:2    | Reached XP level 26. HP: 247/256 MP: 27/27
 61395 | Zot:2    | Noticed an orb of fire
 61396 | Zot:2    | Found a stormy altar of Qazlal.
 61409 | Zot:2    | Gained mutation: Your spells are easier to cast, but less
                  | powerful. [an orb of fire]
 61421 | Zot:2    | Killed an orb of fire
 61647 | Zot:2    | Noticed an orb of fire
 61656 | Zot:2    | Gained mutation: Armour fits poorly on your strangely
                  | shaped body. [an orb of fire]
 62702 | Vaults:5 | Bought a potion of mutation for 144 gold pieces
 62702 | Vaults:5 | Bought a potion of heal wounds for 90 gold pieces
 62702 | Vaults:5 | Bought a potion of heal wounds for 90 gold pieces
 62961 | Orc:2    | Bought a potion of mutation for 120 gold pieces
 64543 | Zot:1    | Lost mutation: Your spells are easier to cast, but less
                  | powerful. [potion of mutation]
 64543 | Zot:1    | Lost mutation: Your spells are a little easier to cast, but
                  | a little less powerful. [potion of mutation]
 64543 | Zot:1    | Gained mutation: You have sharp toenails. [potion of
                  | mutation]
 64543 | Zot:1    | Lost mutation: Armour fits poorly on your strangely shaped
                  | body. [potion of mutation]
 64543 | Zot:1    | Gained mutation: Your system is resistant to poisons.
                  | (rPois) [potion of mutation]
 64543 | Zot:1    | Gained mutation: You have a pair of small antennae on your
                  | head. [potion of mutation]
 64544 | Zot:1    | Lost mutation: Your system is resistant to poisons. (rPois)
                  | [potion of mutation]
 64544 | Zot:1    | Gained mutation: You have sharp fingernails. [potion of
                  | mutation]
 64544 | Zot:1    | Gained mutation: Your spells are a little harder to cast,
                  | but a little more powerful. [potion of mutation]
 64753 | Zot:2    | Acquired a +2 pair of boots of rampaging
 64808 | Zot:2    | Gained mutation: You are frail. (-10% HP) [an orb of fire]
 64812 | Zot:2    | Killed an orb of fire
 65953 | Zot:2    | Killed an ancient lich
 66399 | Vaults:5 | Identified the +2 cloak of Filigreed Surprise {Dex+6}
 66852 | Zot:3    | Noticed an ancient lich
 66947 | Zot:3    | Killed an ancient lich
 68176 | Zot:3    | Identified the +6 scale mail of the Bouncing Spirits {rF+
                  | SInv}
 68454 | Zot:3    | Noticed a juggernaut
 68482 | Zot:3    | Killed a juggernaut
 68776 | Zot:3    | Noticed an orb of fire
 68804 | Zot:3    | Gained mutation: You have a pair of antennae on your head.
                  | [an orb of fire]
 68808 | Zot:3    | Gained mutation: You occasionally shout uncontrollably at
                  | your foes. [an orb of fire]
 68814 | Zot:3    | Killed an orb of fire
 69291 | Zot:3    | Reached XP level 27. HP: 181/240 MP: 27/27
 70114 | Zot:4    | Acquired 497 gold pieces
 71041 | Zot:5    | Entered Level 5 of the Realm of Zot
 71988 | Zot:5    | Noticed an ancient lich
 71998 | Zot:5    | Noticed a dread lich
 72006 | Zot:5    | Killed an ancient lich
 72017 | Zot:5    | Noticed an orb of fire
 72031 | Zot:5    | Killed a dread lich
 72032 | Zot:5    | Gained mutation: You expend magic power (3 MP) to
                  | strengthen your wands. [an orb of fire]
 72037 | Zot:5    | Noticed a dread lich
 72039 | Zot:5    | Noticed a dread lich
 72052 | Zot:5    | Killed an orb of fire
 72064 | Zot:5    | Killed a dread lich
 72065 | Zot:5    | Noticed an orb of fire
 72079 | Zot:5    | Killed a dread lich
 72176 | Zot:5    | Noticed an ancient lich
 72199 | Zot:5    | HP: 7/242 [ancient lich/bolt of acid (45)]
 72199 | Zot:5    | Splashed by an ancient lich's acid

Illustrated notes

Levels and vault maps discovered:
D:1:      wander_arrival_peaceful_grave, layout_basic
D:2:      layout_loops_corners, kennysheep_pointless_box
D:3:      layout_basic, kennysheep_orc_chapel, uniq_crazy_yiuf_cottage
D:4:      layout_loops_ring, makhleb_altar_promises_db, tgw_sif, temple_doors_e,
          lexackson_kobold_supper, uniq_edmund
D:5:      layout_basic, minitemple, uniq_prince_ribbit1, uniq_eustachio
D:6:      layout_cave_pools
D:7:      layout_loops_cross
D:8:      layout_basic, kennysheep_mini_moat, dpeg_lair_monsters, uniq_erica,
          uniq_harold, uniq_grum
D:9:      lemuel_flame_loot_2, layout_cross,
          pdpol_temple_overflow_zin_treasury_gozag_greed,
          nicolae_tso_carved_into_rock
D:10:     layout_roguey, elyvilon_altar_4
D:11:     layout_loops_ring, erik_orc_3, worms_lemuel
D:12:     layout_roguey, wad_hexagon, uniq_fannar
D:13:     layout_cave_pools, david_vaults_4, gammafunk_ghost_grave, basic_altar,
          enter_bailey_7, uniq_nessos, uniq_azrael
D:14:     layout_basic, hangedman_abyss_or_decor_stagger, uniq_agnes
D:15:     gammafunk_depths_entry_grave, layout_long_grid,
          serial_co_window_serial, co_window_paths_b,
          co_window_of_opportunity_a, co_window_paths_a, co_window_paths_a,
          co_window_of_opportunity_a, co_window_paths_a, co_window_paths_b,
          co_window_corner_a, co_window_of_opportunity_a,
          co_window_unsneaky_path_d, co_window_broadway_b,
          co_window_unsneaky_path_d, co_window_unsneaky_path_b,
          co_window_4corner_a, glass_columns_a, glass_columns_b,
          roderic_roman_lattice
Lair:1:   layout_concentric_octagons, gauntlet_entry_generic,
          portal_ice_cave_rime, cheibrodos_lair_lostbears,
          infiniplex_staircase_pool, grunt_megastairs_5,
          minmay_lair_oklob_chamber, serial_bayou_shore_a, lemuel_fruit_tree
Lair:2:   layout_misc_corridors, elwin_shoals_entry_stream
Lair:3:   layout_loops_ring, nicolae_volcano_entry_hallway, minivault_24,
          beast_lair_carwin_10, uniq_gastronok
Lair:4:   layout_regular_city, minmay_snake_entry_six_corridors,
          serial_bayou_pond_b, uniq_sonja
Lair:5:   layout_hall_layers, nicolae_slime_entry_slimehenge,
          nicolae_quartered_pool_little, beast_lair_carwin_6
Lair:6:   grunt_lair_end_beastmaster, layout_loops_ring, grunt_megastairs_3,
          lemuel_fruit_fields
Shoals:1: layout_shoals, abandoned_shop
Shoals:2: layout_shoals, uniq_ilsuiw
Shoals:3: layout_shoals
Shoals:4: shoals_end_grunt_garden, layout_shoals, uniq_bai_suzhen
Snake:1:  layout_gridlike, gammafunk_ghost_abyssal_escape, uniq_josephine
Snake:2:  cheibrodos_snake_ritualist_ritual, layout_rooms, st_stairs_5
Snake:3:  layout_honeycomb
Snake:4:  grunt_snake_rune_spirals, layout_onion, lightli_airlock
Orc:1:    layout_caves, serial_shops, shop, roderic_batcave
Orc:2:    st_orc_open, layout_caves, serial_shops, nicolae_shop_stone, trog_book
Elf:1:    elf_arrival_001, layout_geoelf_octagon, hangedman_elf_disciples,
          grunt_ministairs_6, uniq_louise, uniq_donald
Elf:2:    layout_geoelf_octagon
Elf:3:    grunt_elf_hall_spiral, layout_loops_corners, serial_shops, shop_coins,
          minivault_4
Vaults:1: ontoclasm_vaults_misaligned, nicolae_vaults_circle_grid_a, st_lattice,
          v_misc_24, grunt_vaults_swirl, nicolae_vaults_network_s,
          hangedman_vaults_slice, ontoclasm_vaults_twist,
          layout_vaults_chaotic_city
Vaults:2: ontoclasm_vaults_ring_square, nicolae_vaults_octagons,
          vaults_mumra_hex, hangedman_vaults_cutoff,
          nicolae_vaults_little_squares_2, vaults_room_door_hall,
          grunt_vaults_focal, v_misc_18, v_misc_10, layout_vaults_omnigrid
Vaults:3: nicolae_vaults_mini_display_case, v_rooms_4, v_alt_pattern_1,
          ontoclasm_vaults_claustrophobia, minmay_crypt_entry_simple_box,
          vaults_mumra_hexcomb, nicolae_vaults_stairing_the_circle,
          hangedman_vaults_stagger, ontoclasm_vaults_loading_screen,
          grunt_vaults_twisty, hangedman_vaults_corner_blocks,
          vaults_room_door_ring, nicolae_vaults_little_squares_2,
          ontoclasm_vaults_gateway, vaults_dpeg_diagonal, vaults_room_hallway,
          layout_vaults_maze_bifur, serial_shops, shop
Vaults:4: vaults_dpeg_ring, grunt_vaults_bifocal, nicolae_vaults_bisected_slash,
          v_misc_31, vaults_room_hallway, vaults_room_semicircle,
          v_alt_pattern_4, v_pattern_2, v_misc_13,
          nicolae_vaults_border_crossing, hangedman_vaults_slice,
          vaults_standard_mumra_enter_the_diamond, v_misc_29,
          vaults_room_ringed_pool, layout_vaults_omnibox, enter_trove_0,
          serial_shops, nicolae_shop_stone, uniq_margery
Vaults:5: uniq_sojobo
Crypt:1:  layout_regular_city, uniq_mara
Crypt:2:  layout_regular_city
Crypt:3:  due_elkab, layout_chaotic_city, uniq_saint_roka
Depths:1: layout_basic, chequers_decorated_corner, grunt_mini_vestibule,
          drop_trap, minmay_shattered_shrine
Depths:2: minmay_the_grid_3x3 [minmay_the_grid_small_cups,
          minmay_the_grid_pillar_ring, minmay_the_grid_zigzag_pyramid,
          minmay_the_grid_odd_star, minmay_the_grid_minigrid_medium,
          minmay_the_grid_mess, minmay_the_grid_tri_star, minmay_the_grid_x,
          minmay_the_grid_prize_four_corners_diamond_b], layout_basic,
          enter_ziggurat_d, grunt_hell_entry_dis_grunt, abyss_entry,
          minmay_misc_feat_cross
Depths:3: kennysheep_demon_jail, layout_cave_shapes, pan_entry,
          pf_hell_entry_tar_spiral, infiniplex_staircase_x, minmay_shop_star,
          uniq_nikola
Depths:4: kennysheep_six_static_rooms, layout_gridlike, abyss_entry, hell_entry,
          minmay_misc_feat_room, serial_bayou_shore_b,
          infiniplex_staircase_pool_2
Depths:5: grunt_x_marks_the_spot, layout_small_grid, grunt_pan_entry_spiral,
          pf_hell_entry_great_geh, serial_sigils_hangedman_scratch,
          grunt_decor_cap, serial_sigils_hangedman_gnaw, drop_trap,
          glass_columns_a, serial_bayou_shore_b, serial_bayou_shore_b
Hell
Zot:1:    layout_gridlike
Zot:2:    regret_index_qazlal_generations, layout_onion_interference,
          hangedman_elemental_grid_stream
Zot:3:    ebering_greatest_show_in_zot, layout_basic, grunt_megastairs_2
Zot:4:    layout_misc_corridors
Zot:5:    layout_gridlike

Skill      XL: |  1  2  3  4  5  6  7  8  9 10 11 12 13 14 15 16 17 18 19 20 21 22 23 24 25 26 27 |
---------------+----------------------------------------------------------------------------------+-----
Staves         | 3 4 5 6 7 9 11 13 14 | 14.0
Fighting       | 4 7 9 11 12 13 14 16 17 19 20 21 22 23 24 25 26 | 26.1
Armour         | 4 7 9 10 12 13 14 16 17 19 20 21 22 23 24 25 26 | 26.1
Dodging        | 5 7 9 11 12 13 14 16 17 19 20 21 22 23 24 25 26 | 26.1
Throwing       | |  1.7

Action                   |  1- 3 |  4- 6 |  7- 9 | 10-12 | 13-15 | 16-18 | 19-21 | 22-24 | 25-27 || total
-------------------------+-------+-------+-------+-------+-------+-------+-------+-------+-------++-------
Melee: Quarterstaff      |    88 |   136 |   401 |  1291 |   865 |       |       |       |       ||  2781
       Lajatang          |       |       |       |       |   707 |  2363 |  2653 |  3367 |  2212 || 11302
Throw: Throwing net      |       |     6 |     4 |     3 |       |       |       |       |       ||    13
       Boomerang         |       |    16 |       |       |       |       |       |       |       ||    16
       Dart              |       |       |     7 |       |       |       |       |       |       ||     7
Evoke: Wand              |       |       |     2 |    19 |     4 |       |       |    29 |       ||    54
  Use: Scroll            |     9 |     4 |     9 |     9 |    18 |     7 |     3 |     9 |     8 ||    76
       Potion            |       |       |     1 |     4 |     1 |     2 |     1 |       |    11 ||    20
 Stab: Held in net/web   |       |     2 |     5 |     7 |       |     1 |       |       |       ||    15
       Distracted        |       |       |     1 |       |       |       |       |       |     2 ||     3
       Sleeping          |       |       |       |       |       |       |       |       |     4 ||     4
Armor: Leather armour    |    12 |       |       |       |       |       |       |       |       ||    12
       Ring mail         |    12 |    10 |       |       |       |       |       |       |       ||    22
       Scale mail        |       |    33 |    51 |       |       |       |       |       |       ||    84
       Chain mail        |       |       |    55 |   365 |    68 |       |       |       |       ||   488
       Plate armour      |       |       |       |       |   321 |   469 |   387 |   661 |   273 ||  2111
       Quicksilver drago |       |       |       |       |       |       |       |       |    36 ||    36
Dodge: Dodged            |    72 |    94 |   299 |  1163 |  1507 |  2393 |  2482 |  4885 |  2540 || 15435
Block: Other             |       |       |       |       |       |       |       |       |   207 ||   207
       Reflection        |       |       |       |       |       |       |       |       |     1 ||     1

Table legend: (Time is in decaauts)
 A = Elapsed time spent in this place.
 B = Non-inter-level travel time spent in this place.
 C = Inter-level travel time spent in this place.
 D = Time resting spent in this place.
 E = Time spent auto-exploring this place.
 F = Levels seen in this place.
 G = Mean time per level.
                   A        B        C        D        E       F      G
               +--------+--------+--------+--------+--------+-----+--------+
         Total |  65622 |  55784 |   9838 |   7978 |  32340 |  55 | 1193.1 |
       Dungeon |  15547 |  12206 |   3341 |    700 |   8453 |  15 | 1036.5 |
          Lair |   8118 |   6890 |   1228 |    755 |   3978 |   6 | 1353.0 |
        Shoals |   4044 |   3750 |    294 |    350 |   2190 |   4 | 1011.0 |
     Snake Pit |   4982 |   4374 |    608 |    464 |   2549 |   4 | 1245.5 |
  Orcish Mines |   1951 |   1333 |    618 |     69 |    871 |   2 |  975.5 |
   Elven Halls |   3040 |   2734 |    306 |    132 |   1682 |   3 | 1013.3 |
        Vaults |   7108 |   5850 |   1258 |    102 |   4056 |   5 | 1421.6 |
         Crypt |   3161 |   2992 |    169 |    219 |   1861 |   3 | 1053.7 |
        Depths |   7196 |   5695 |   1501 |    551 |   3718 |   5 | 1439.2 |
          Hell |    664 |    641 |     23 |      0 |    255 |   1 |  664.0 |
           Zot |   8839 |   8350 |    489 |   4536 |   2287 |   5 | 1767.8 |
        Bailey |    491 |    491 |      0 |    100 |    151 |   1 |  491.0 |
      Gauntlet |    475 |    475 |      0 |      0 |    286 |   1 |  475.0 |
               +--------+--------+--------+--------+--------+-----+--------+

Top non-repeatable levels by time:
   Zot:3: 3037 daAuts
   Zot:2: 2440 daAuts
 Snake:4: 2173 daAuts
Depths:5: 1912 daAuts
Depths:1: 1883 daAuts
   Zot:1: 1740 daAuts
  Lair:1: 1668 daAuts
Vaults:5: 1590 daAuts
Vaults:1: 1537 daAuts
 Crypt:3: 1489 daAuts
  Lair:6: 1456 daAuts
Shoals:2: 1435 daAuts
Vaults:4: 1413 daAuts
Vaults:2: 1384 daAuts
  Lair:3: 1352 daAuts
